Flames vs Jets

Created - March 20 2012 at 18:18

Goals
1 2 3 OT1 SO T
Flames 0 1 1 0 0 2
Jets 2 0 0 0 1 3
Shots
1 2 3 OT1 SO T
Flames 7 9 5 1 3 22
Jets 9 5 8 1 2 23

Period #1

1. Jets , Andy McDonald 34 (Martin Erat, Cam Fowler) at 6:27 (PP)
2. Jets , Blake Comeau 13 (Henrik Sedin, Clarke MacArthur) at 16:05

Penalties :
Brenden Morrow (CGY) for High sticking (Minor) at 3:34, Shawn Horcoff (CGY) for Hooking (Minor) at 5:35, Martin Hanzal (WPG) for Holding (Minor) at 6:50, Mark Giordano (WPG) for Fighting (Major) at 11:19, Dan Boyle (CGY) for Fighting (Major) at 11:19, Robyn Regehr (CGY) for Roughing (Minor) at 13:51, Toni Lydman (CGY) for Tripping (Minor) at 16:15, Martin Hanzal (WPG) for Goalie Interference (Minor) at 18:17

Period #2

3. Flames , Anze Kopitar 33 (Toni Lydman, Michael Grabner) at 12:06

Penalties :
Niklas Kronwall (CGY) for Hooking (Minor) at 1:02, Mark Giordano (WPG) for Tripping (Minor) at 3:45, Henrik Sedin (WPG) for Fighting (Major) at 8:00, Shawn Horcoff (CGY) for Fighting (Major) at 8:00, Erik Cole (WPG) for Roughing (Minor) at 13:01

Period #3

4. Flames , Ryan Kesler 55 (Dan Boyle) at 7:40

Penalties :
Martin Hanzal (WPG) for Cross-checking (Minor) at 3:28, Dustin Brown (CGY) for Hooking (Minor) at 8:55, Niklas Kronwall (CGY) for Roughing (Minor) at 15:23

Overtime #1

No Goal

Penalties :
No Penalty

Shootout

Penalty Shot by Ryan Kesler for Flames - Stopped by Ilya Bryzgalov
Penalty Shot by Henrik Sedin for Jets - Shot Misses the Net
Penalty Shot by Anze Kopitar for Flames - Stopped by Ilya Bryzgalov
Penalty Shot by Andy McDonald for Jets - Goal!
Penalty Shot by Michael Grabner for Flames - Stopped by Ilya Bryzgalov

Penalties :
No Penalty

Goalie Stats

Tim Thomas (CGY), 21 saves from 23 shots - (0.913), OTL, 29-15-3, 65:00 minutes
Ilya Bryzgalov (WPG), 20 saves from 22 shots - (0.909), W, 37-26-7, 65:00 minutes

Players Stats

Flames
Player Name              G  A  P  +/- PIM S  H  SB FO    MP 
------------------------------------------------------------
Andrew MacDonald         0  0  0   0  0   3  1  0  0/0   20 
Anze Kopitar             1  0  1   1  0   4  0  0  20/36 24 
Brenden Morrow           0  0  0   1  2   2  2  2  0/2   24 
Dan Boyle                0  1  1   1  5   0  1  0  0/0   24 
Dan Hamhuis              0  0  0   0  0   0  1  1  0/0   17 
David Jones              0  0  0   0  0   0  1  1  1/1   17 
Devin Setoguchi          0  0  0   0  0   0  0  0  3/5   6  
Dustin Brown             0  0  0   0  2   2  4  0  0/1   17 
John-Michael Liles       0  0  0   0  0   1  1  1  0/0   20 
Michael Grabner          0  1  1   0  0   3  0  0  1/3   19 
Mikael Samuelsson        0  0  0   1  0   0  0  0  0/0   15 
Niklas Kronwall          0  0  0   1  4   2  3  0  0/0   22 
Pierre-Marc Bouchard     0  0  0  -1  0   1  2  0  0/0   14 
Robyn Regehr             0  0  0  -1  2   0  0  1  0/0   9  
Ryan Kesler              1  0  1   1  0   2  1  1  16/27 25 
Shawn Horcoff            0  0  0   0  7   2  0  0  3/10  11 
Tomas Kopecky            0  0  0   0  0   0  0  0  0/1   6  
Toni Lydman              0  1  1   1  2   0  2  3  0/0   18 
Jets
Player Name              G  A  P  +/- PIM S  H  SB FO    MP 
------------------------------------------------------------
Alex Goligoski           0  0  0   0  0   1  2  2  0/0   24 
Andy McDonald            1  0  1  -1  0   5  2  0  14/26 23 
Blake Comeau             1  0  1   1  0   1  1  0  0/1   11 
Cam Fowler               0  1  1  -1  0   2  0  1  0/0   23 
Carlo Colaiacovo         0  0  0   1  0   0  0  0  0/0   7  
Clarke MacArthur         0  1  1   0  0   0  0  0  2/2   15 
Dainius Zubrus           0  0  0   1  0   0  0  1  0/0   5  
Daniel Sedin             0  0  0   0  0   2  1  2  1/1   17 
Erik Cole                0  0  0   0  2   2  1  0  3/4   21 
Henrik Sedin             0  1  1   1  5   2  0  0  13/29 21 
Jaroslav Spacek          0  0  0  -1  0   1  4  3  0/0   17 
Mark Giordano            0  0  0  -1  7   2  2  1  0/0   13 
Martin Erat              0  1  1  -1  0   2  0  0  1/2   21 
Martin Hanzal            0  0  0  -1  6   0  2  1  7/17  19 
Nathan Gerbe             0  0  0  -1  0   0  0  0  0/0   10 
Nick Schultz             0  0  0  -1  0   0  0  0  0/0   18 
Tyler Ennis              0  0  0  -1  0   3  0  0  1/4   19 
Victor Hedman            0  0  0   0  0   0  1  3  0/0   25 

3 Stars

1 - Ryan Kesler (CGY)
2 - Blake Comeau (WPG)
3 - Anze Kopitar (CGY)

Power Play

Flames - 0 on 5 Attempt(s) - 0.00%
Jets - 1 on 7 Attempt(s) - 14.29%

Penalty Kill

Flames - 6 on 7 Attempt(s) - 85.71% - Score 0 goal in Penalty Kill
Jets - 5 on 5 Attempt(s) - 100.00% - Score 0 goal in Penalty Kill

Game Notes

Mark Giordano beats up Dan Boyle at 11:19 of 1st period
Henrik Sedin beats up Shawn Horcoff at 8:00 of 2nd period
Mark Giordano is injured at 5:08 of 3rd period (Broken Bone (Right Ankle))

Finance

Level 1 -- Attendance: 5697 (94.95%) -- Ticket Income $512,730.00
Level 2 -- Attendance: 5000 (100.00%) -- Ticket Income $235,000.00
Level 3 -- Attendance: 2200 (100.00%) -- Ticket Income $72,600.00
Level 4 -- Attendance: 1015 (100.00%) -- Ticket Income $23,345.00
Luxury Box -- Attendance: 800 (100.00%) -- Ticket Income $136,000.00
Game was played at the MTS Center
Total Attendance: 14712 (97.98%)
Total Ticket Income: $1,001,542.00
Other Income: $222,987.90
Total Income: $1,224,530.00


Play by Play

Period #1

0:01 of 1st period - Henrik Sedin wins face-off versus Ryan Kesler in neutral zone.
0:41 of 1st period - Shot by Brenden Morrow.
0:41 of 1st period - Deflect By Mikael Samuelsson.
0:41 of 1st period - Shot Blocked by Victor Hedman.
1:13 of 1st period - Martin Erat is hit by Ryan Kesler and loses puck.
1:21 of 1st period - Icing by Jaroslav Spacek.
1:22 of 1st period - Anze Kopitar wins face-off versus Andy McDonald in Jets zone.
1:31 of 1st period - Shot by Michael Grabner.
1:31 of 1st period - Stopped by Ilya Bryzgalov without a rebound.
1:32 of 1st period - Clarke MacArthur wins face-off versus Shawn Horcoff in Jets zone.
1:40 of 1st period - Icing by Mark Giordano.
1:41 of 1st period - Anze Kopitar wins face-off versus Martin Hanzal in Jets zone.
2:56 of 1st period - Shot by Shawn Horcoff.
2:56 of 1st period - Shot Blocked by Cam Fowler.
3:24 of 1st period - Erik Cole is hit by Pierre-Marc Bouchard and loses puck.
3:34 of 1st period - Minor Penalty to Brenden Morrow for High sticking.
3:35 of 1st period - Anze Kopitar wins face-off versus Henrik Sedin in Flames zone.
4:07 of 1st period - Icing by Alex Goligoski.
4:08 of 1st period - Ryan Kesler wins face-off versus Henrik Sedin in Jets zone.
4:41 of 1st period - Shot by Cam Fowler.
4:41 of 1st period - Stopped by Tim Thomas with a rebound.
4:43 of 1st period - Shot by Andy McDonald.
4:43 of 1st period - Shot Blocked by Toni Lydman.
4:45 of 1st period - Shot by Mark Giordano.
4:45 of 1st period - Stopped by Tim Thomas without a rebound.
4:46 of 1st period - Andy McDonald wins face-off versus Anze Kopitar in Flames zone.
4:51 of 1st period - Shot by Martin Erat.
4:51 of 1st period - Stopped by Tim Thomas without a rebound.
4:52 of 1st period - Andy McDonald wins face-off versus Tomas Kopecky in Flames zone.
4:55 of 1st period - Shot by Tyler Ennis.
4:55 of 1st period - Stopped by Tim Thomas without a rebound.
4:56 of 1st period - Henrik Sedin wins face-off versus Anze Kopitar in Flames zone.
5:11 of 1st period - Shot by Erik Cole.
5:11 of 1st period - Stopped by Tim Thomas without a rebound.
5:12 of 1st period - Ryan Kesler wins face-off versus Andy McDonald in Flames zone.
5:18 of 1st period - Icing by Mark Giordano.
5:19 of 1st period - Andy McDonald wins face-off versus Anze Kopitar in Jets zone.
5:35 of 1st period - Minor Penalty to Shawn Horcoff for Hooking.
5:36 of 1st period - Ryan Kesler wins face-off versus Henrik Sedin in Flames zone.
5:54 of 1st period - Erik Cole is hit by Toni Lydman and loses puck.
6:15 of 1st period - Shot by Andy McDonald.
6:15 of 1st period - Shot Misses the Net.
6:17 of 1st period - Shot by Cam Fowler.
6:17 of 1st period - Shot Blocked by Toni Lydman.
6:19 of 1st period - Shot by Mark Giordano.
6:19 of 1st period - Shot Blocked by Dan Hamhuis.
6:23 of 1st period - Shot by Martin Erat.
6:23 of 1st period - Shot Blocked by Brenden Morrow.
6:27 of 1st period - Shot by Andy McDonald.
6:27 of 1st period - Goal by Andy McDonald - Flames : 0 - Jets : 1.
6:28 of 1st period - Shawn Horcoff wins face-off versus Martin Hanzal in neutral zone.
6:50 of 1st period - Minor Penalty to Martin Hanzal for Holding.
6:51 of 1st period - Andy McDonald wins face-off versus Michael Grabner in Jets zone.
7:12 of 1st period - Shot by Niklas Kronwall.
7:12 of 1st period - Shot Misses the Net.
7:14 of 1st period - Shot by Dan Boyle.
7:14 of 1st period - Shot Misses the Net.
8:07 of 1st period - Icing by Ryan Kesler.
8:08 of 1st period - Clarke MacArthur wins face-off versus Ryan Kesler in Flames zone.
8:51 of 1st period - Shot by Dustin Brown.
8:51 of 1st period - Stopped by Ilya Bryzgalov without a rebound.
8:52 of 1st period - Anze Kopitar wins face-off versus Martin Hanzal in Jets zone.
9:34 of 1st period - Martin Hanzal is hit by Dustin Brown and loses puck.
9:46 of 1st period - Icing by Carlo Colaiacovo.
9:47 of 1st period - Ryan Kesler wins face-off versus Martin Hanzal in Jets zone.
9:54 of 1st period - Shot by Brenden Morrow.
9:54 of 1st period - Shot Blocked by Victor Hedman.
10:10 of 1st period - Icing by Victor Hedman.
10:11 of 1st period - Martin Hanzal wins face-off versus Shawn Horcoff in Jets zone.
10:29 of 1st period - John-Michael Liles is hit by Jaroslav Spacek and loses puck.
10:38 of 1st period - Shot by Andy McDonald.
10:38 of 1st period - Shot Blocked by John-Michael Liles.
10:40 of 1st period - Shot by Martin Erat.
10:40 of 1st period - Shot Misses the Net.
10:42 of 1st period - Shot by Jaroslav Spacek.
10:42 of 1st period - Stopped by Tim Thomas with a rebound.
11:19 of 1st period - Mark Giordano beats up Dan Boyle.
11:19 of 1st period - Penalty to Mark Giordano for Fighting.
11:19 of 1st period - Penalty to Dan Boyle for Fighting.
11:20 of 1st period - Ryan Kesler wins face-off versus Erik Cole in neutral zone.
11:32 of 1st period - Icing by Alex Goligoski.
11:33 of 1st period - Erik Cole wins face-off versus Anze Kopitar in Jets zone.
11:44 of 1st period - Alex Goligoski is hit by Dustin Brown and loses puck.
11:49 of 1st period - Shot by Dustin Brown.
11:49 of 1st period - Deflect By Michael Grabner.
11:49 of 1st period - Shot Misses the Net.
11:51 of 1st period - Shot by Anze Kopitar.
11:51 of 1st period - Stopped by Ilya Bryzgalov without a rebound.
11:52 of 1st period - Ryan Kesler wins face-off versus Andy McDonald in Jets zone.
13:51 of 1st period - Minor Penalty to Robyn Regehr for Roughing.
13:52 of 1st period - Anze Kopitar wins face-off versus Tyler Ennis in Flames zone.
14:18 of 1st period - Icing by Blake Comeau.
14:19 of 1st period - Anze Kopitar wins face-off versus Andy McDonald in Jets zone.
15:28 of 1st period - Shot by Cam Fowler.
15:28 of 1st period - Shot Misses the Net.
16:05 of 1st period - Shot by Henrik Sedin.
16:05 of 1st period - Deflect By Blake Comeau.
16:05 of 1st period - Goal by Blake Comeau - Flames : 0 - Jets : 2.
16:06 of 1st period - Martin Hanzal wins face-off versus Ryan Kesler in neutral zone.
16:06 of 1st period - Martin Hanzal is hit by Brenden Morrow.
16:15 of 1st period - Minor Penalty to Toni Lydman for Tripping.
16:16 of 1st period - Anze Kopitar wins face-off versus Martin Hanzal in Flames zone.
17:21 of 1st period - Shot by Tyler Ennis.
17:21 of 1st period - Stopped by Tim Thomas without a rebound.
17:22 of 1st period - Anze Kopitar wins face-off versus Henrik Sedin in Flames zone.
18:12 of 1st period - Icing by Cam Fowler.
18:13 of 1st period - Anze Kopitar wins face-off versus Andy McDonald in Jets zone.
18:17 of 1st period - Minor Penalty to Martin Hanzal for Goalie Interference.
18:18 of 1st period - Anze Kopitar wins face-off versus Martin Erat in Jets zone.
18:19 of 1st period - Shot by Niklas Kronwall.
18:19 of 1st period - Stopped by Ilya Bryzgalov without a rebound.
18:20 of 1st period - Michael Grabner wins face-off versus Andy McDonald in Jets zone.
18:20 of 1st period - Niklas Kronwall is hit by Mark Giordano and loses puck.
18:23 of 1st period - Shot by Dan Boyle.
18:23 of 1st period - Shot Blocked by Jaroslav Spacek.
18:28 of 1st period - Anze Kopitar is hit by Mark Giordano.
18:45 of 1st period - Shot by Anze Kopitar.
18:45 of 1st period - Shot Hit the Post.
18:47 of 1st period - Shot by Dan Boyle.
18:47 of 1st period - Deflect By Michael Grabner.
18:47 of 1st period - Stopped by Ilya Bryzgalov with a rebound.
18:49 of 1st period - Shot by Dustin Brown.
18:49 of 1st period - Stopped by Ilya Bryzgalov with a rebound.
18:51 of 1st period - Shot by Dustin Brown.
18:51 of 1st period - Shot Blocked by Jaroslav Spacek.
19:33 of 1st period - Shot by Andrew MacDonald.
19:33 of 1st period - Stopped by Ilya Bryzgalov with a rebound.

Period #2

0:01 of 2nd period - Anze Kopitar wins face-off versus Henrik Sedin in neutral zone.
0:11 of 2nd period - Anze Kopitar is hit by Alex Goligoski and loses puck.
0:28 of 2nd period - Shot by Martin Erat.
0:28 of 2nd period - Shot Blocked by David Jones.
0:36 of 2nd period - Shot by Pierre-Marc Bouchard.
0:36 of 2nd period - Stopped by Ilya Bryzgalov without a rebound.
0:37 of 2nd period - Martin Hanzal wins face-off versus Ryan Kesler in Jets zone.
0:41 of 2nd period - Mark Giordano is hit by Brenden Morrow and loses puck.
0:45 of 2nd period - Mark Giordano is hit by Niklas Kronwall and loses puck.
1:01 of 2nd period - Shot by Clarke MacArthur.
1:01 of 2nd period - Shot Misses the Net.
1:02 of 2nd period - Minor Penalty to Niklas Kronwall for Hooking.
1:03 of 2nd period - Anze Kopitar wins face-off versus Henrik Sedin in Flames zone.
1:33 of 2nd period - Icing by Erik Cole.
1:34 of 2nd period - Ryan Kesler wins face-off versus Henrik Sedin in Jets zone.
1:34 of 2nd period - Ryan Kesler is hit by Alex Goligoski.
1:48 of 2nd period - Shot by Victor Hedman.
1:48 of 2nd period - Shot Misses the Net.
1:52 of 2nd period - Shot by Henrik Sedin.
1:52 of 2nd period - Stopped by Tim Thomas without a rebound.
1:53 of 2nd period - Martin Erat wins face-off versus Anze Kopitar in Flames zone.
2:06 of 2nd period - Shot by Mark Giordano.
2:06 of 2nd period - Stopped by Tim Thomas without a rebound.
2:07 of 2nd period - Ryan Kesler wins face-off versus Andy McDonald in Flames zone.
2:17 of 2nd period - Off-side.
2:18 of 2nd period - Andy McDonald wins face-off versus Anze Kopitar in neutral zone.
2:20 of 2nd period - Off-side.
2:21 of 2nd period - Henrik Sedin wins face-off versus Ryan Kesler in neutral zone.
2:44 of 2nd period - Shot by Erik Cole.
2:44 of 2nd period - Shot Blocked by Toni Lydman.
2:48 of 2nd period - Shot by Alex Goligoski.
2:48 of 2nd period - Shot Blocked by Ryan Kesler.
2:50 of 2nd period - Shot by Henrik Sedin.
2:50 of 2nd period - Deflect By Erik Cole.
2:50 of 2nd period - Shot Misses the Net.
3:13 of 2nd period - Off-side.
3:14 of 2nd period - Andy McDonald wins face-off versus Anze Kopitar in neutral zone.
3:21 of 2nd period - Shot by Tyler Ennis.
3:21 of 2nd period - Deflect By Andy McDonald.
3:21 of 2nd period - Stopped by Tim Thomas without a rebound.
3:22 of 2nd period - Shawn Horcoff wins face-off versus Martin Hanzal in Flames zone.
3:22 of 2nd period - Shawn Horcoff is hit by Martin Hanzal.
3:25 of 2nd period - David Jones is hit by Martin Hanzal and loses puck.
3:45 of 2nd period - Minor Penalty to Mark Giordano for Tripping.
3:46 of 2nd period - Henrik Sedin wins face-off versus Anze Kopitar in Jets zone.
3:54 of 2nd period - Icing by Anze Kopitar.
3:55 of 2nd period - Henrik Sedin wins face-off versus Anze Kopitar in Flames zone.
4:52 of 2nd period - Shot by Brenden Morrow.
4:52 of 2nd period - Stopped by Ilya Bryzgalov without a rebound.
4:53 of 2nd period - Henrik Sedin wins face-off versus Ryan Kesler in Jets zone.
6:14 of 2nd period - Icing by Dan Hamhuis.
6:15 of 2nd period - Martin Hanzal wins face-off versus Anze Kopitar in Flames zone.
7:27 of 2nd period - Shot by Brenden Morrow.
7:27 of 2nd period - Shot Misses the Net.
7:29 of 2nd period - Shot by Niklas Kronwall.
7:29 of 2nd period - Shot Blocked by Jaroslav Spacek.
7:31 of 2nd period - Shot by Niklas Kronwall.
7:31 of 2nd period - Stopped by Ilya Bryzgalov without a rebound.
7:32 of 2nd period - Shawn Horcoff wins face-off versus Henrik Sedin in Jets zone.
7:37 of 2nd period - Shot by Pierre-Marc Bouchard.
7:37 of 2nd period - Shot Blocked by Daniel Sedin.
7:42 of 2nd period - Shawn Horcoff is hit by Victor Hedman and loses puck.
7:45 of 2nd period - Shot by Andrew MacDonald.
7:45 of 2nd period - Stopped by Ilya Bryzgalov with a rebound.
7:47 of 2nd period - Shot by Andrew MacDonald.
7:47 of 2nd period - Shot Blocked by Alex Goligoski.
7:49 of 2nd period - Shot by Andrew MacDonald.
7:49 of 2nd period - Shot Blocked by Victor Hedman.
8:00 of 2nd period - Henrik Sedin beats up Shawn Horcoff.
8:00 of 2nd period - Penalty to Henrik Sedin for Fighting.
8:00 of 2nd period - Penalty to Shawn Horcoff for Fighting.
8:01 of 2nd period - Andy McDonald wins face-off versus Ryan Kesler in Jets zone.
8:11 of 2nd period - Icing by Dan Boyle.
8:12 of 2nd period - Ryan Kesler wins face-off versus Andy McDonald in Flames zone.
8:16 of 2nd period - Dan Boyle is hit by Jaroslav Spacek and loses puck.
8:54 of 2nd period - Icing by Andrew MacDonald.
8:55 of 2nd period - Daniel Sedin wins face-off versus Devin Setoguchi in Flames zone.
9:58 of 2nd period - Shot by Anze Kopitar.
9:58 of 2nd period - Shot Misses the Net.
10:02 of 2nd period - Shot by Anze Kopitar.
10:02 of 2nd period - Stopped by Ilya Bryzgalov without a rebound.
10:03 of 2nd period - Andy McDonald wins face-off versus Ryan Kesler in Jets zone.
10:42 of 2nd period - Ryan Kesler is hit by Jaroslav Spacek.
11:00 of 2nd period - Devin Setoguchi is hit by Andy McDonald and loses puck.
12:02 of 2nd period - Shot by Michael Grabner.
12:02 of 2nd period - Deflect By Anze Kopitar.
12:02 of 2nd period - Shot Misses the Net.
12:06 of 2nd period - Shot by Anze Kopitar.
12:06 of 2nd period - Goal by Anze Kopitar - Flames : 1 - Jets : 2.
12:07 of 2nd period - Ryan Kesler wins face-off versus Blake Comeau in neutral zone.
12:37 of 2nd period - Erik Cole is hit by Niklas Kronwall and loses puck.
13:01 of 2nd period - Minor Penalty to Erik Cole for Roughing.
13:02 of 2nd period - Tyler Ennis wins face-off versus Devin Setoguchi in Jets zone.
13:15 of 2nd period - Shot by David Jones.
13:15 of 2nd period - Deflect By Devin Setoguchi.
13:15 of 2nd period - Shot Misses the Net.
14:40 of 2nd period - Shot by Ryan Kesler.
14:40 of 2nd period - Shot Misses the Net.
14:44 of 2nd period - Shot by Andrew MacDonald.
14:44 of 2nd period - Stopped by Ilya Bryzgalov without a rebound.
14:45 of 2nd period - Henrik Sedin wins face-off versus Dustin Brown in Jets zone.
14:45 of 2nd period - Henrik Sedin is hit by Dustin Brown.
15:01 of 2nd period - Henrik Sedin is hit by Dustin Brown and loses puck.
15:18 of 2nd period - Shot by Martin Erat.
15:18 of 2nd period - Shot Misses the Net.
15:22 of 2nd period - Shot by Andy McDonald.
15:22 of 2nd period - Shot Misses the Net.
15:24 of 2nd period - Shot by Andy McDonald.
15:24 of 2nd period - Shot Misses the Net.
15:41 of 2nd period - Icing by Toni Lydman.
15:42 of 2nd period - Anze Kopitar wins face-off versus Henrik Sedin in Flames zone.
16:31 of 2nd period - Icing by Dainius Zubrus.
16:32 of 2nd period - Ryan Kesler wins face-off versus Martin Hanzal in Jets zone.
16:48 of 2nd period - Martin Hanzal is hit by Niklas Kronwall and loses puck.
17:14 of 2nd period - Shot by Andy McDonald.
17:14 of 2nd period - Shot Misses the Net.
17:18 of 2nd period - Shot by Andy McDonald.
17:18 of 2nd period - Stopped by Tim Thomas with a rebound.
17:31 of 2nd period - Icing by Andy McDonald.
17:32 of 2nd period - Andy McDonald wins face-off versus Shawn Horcoff in Jets zone.
17:32 of 2nd period - Andy McDonald is hit by David Jones.
18:10 of 2nd period - Off-side.
18:11 of 2nd period - Henrik Sedin wins face-off versus Michael Grabner in neutral zone.
18:20 of 2nd period - Shot by Daniel Sedin.
18:20 of 2nd period - Stopped by Tim Thomas without a rebound.
18:21 of 2nd period - Martin Hanzal wins face-off versus Anze Kopitar in Flames zone.
19:34 of 2nd period - Shot by Brenden Morrow.
19:34 of 2nd period - Shot Misses the Net.
19:38 of 2nd period - Shot by Dan Boyle.
19:38 of 2nd period - Deflect By Brenden Morrow.
19:38 of 2nd period - Stopped by Ilya Bryzgalov without a rebound.
19:39 of 2nd period - David Jones wins face-off versus Henrik Sedin in Jets zone.
19:59 of 2nd period - Shot by Shawn Horcoff.
19:59 of 2nd period - Stopped by Ilya Bryzgalov without a rebound.

Period #3

0:01 of 3rd period - Henrik Sedin wins face-off versus Brenden Morrow in neutral zone.
0:06 of 3rd period - Brenden Morrow is hit by Erik Cole and loses puck.
1:55 of 3rd period - Martin Erat is hit by John-Michael Liles and loses puck.
3:13 of 3rd period - Clarke MacArthur is hit by Dan Boyle and loses puck.
3:19 of 3rd period - Icing by Niklas Kronwall.
3:20 of 3rd period - Martin Hanzal wins face-off versus Ryan Kesler in Flames zone.
3:28 of 3rd period - Minor Penalty to Martin Hanzal for Cross-checking.
3:29 of 3rd period - Henrik Sedin wins face-off versus Anze Kopitar in Jets zone.
3:56 of 3rd period - Shot by Michael Grabner.
3:56 of 3rd period - Shot Misses the Net.
4:00 of 3rd period - Shot by Michael Grabner.
4:00 of 3rd period - Stopped by Ilya Bryzgalov without a rebound.
4:01 of 3rd period - Ryan Kesler wins face-off versus Henrik Sedin in Jets zone.
4:56 of 3rd period - Shot by Michael Grabner.
4:56 of 3rd period - Shot Misses the Net.
5:08 of 3rd period - Shot by Dustin Brown.
5:08 of 3rd period - Shot Blocked by Mark Giordano.
5:08 of 3rd period - Mark Giordano from Jets is injured at 5:08 of 3rd period (Broken Bone (Right Ankle)).
5:09 of 3rd period - Devin Setoguchi wins face-off versus Tyler Ennis in Jets zone.
6:29 of 3rd period - Icing by Pierre-Marc Bouchard.
6:30 of 3rd period - Martin Hanzal wins face-off versus Shawn Horcoff in Flames zone.
7:40 of 3rd period - Shot by Ryan Kesler.
7:40 of 3rd period - Goal by Ryan Kesler - Flames : 2 - Jets : 2.
7:41 of 3rd period - Henrik Sedin wins face-off versus Anze Kopitar in neutral zone.
7:45 of 3rd period - Alex Goligoski is hit by Toni Lydman and loses puck.
7:54 of 3rd period - Icing by Alex Goligoski.
7:55 of 3rd period - Henrik Sedin wins face-off versus Shawn Horcoff in Jets zone.
8:02 of 3rd period - Shot by Daniel Sedin.
8:02 of 3rd period - Stopped by Tim Thomas with a rebound.
8:33 of 3rd period - Erik Cole is hit by Dan Hamhuis and loses puck.
8:55 of 3rd period - Minor Penalty to Dustin Brown for Hooking.
8:56 of 3rd period - Anze Kopitar wins face-off versus Andy McDonald in Flames zone.
9:11 of 3rd period - Shot by Andy McDonald.
9:11 of 3rd period - Stopped by Tim Thomas without a rebound.
9:12 of 3rd period - Andy McDonald wins face-off versus Anze Kopitar in Flames zone.
9:13 of 3rd period - Shot by Cam Fowler.
9:13 of 3rd period - Stopped by Tim Thomas without a rebound.
9:14 of 3rd period - Andy McDonald wins face-off versus Anze Kopitar in Flames zone.
9:25 of 3rd period - Shot by Martin Erat.
9:25 of 3rd period - Shot Misses the Net.
9:27 of 3rd period - Shot by Cam Fowler.
9:27 of 3rd period - Shot Misses the Net.
9:29 of 3rd period - Shot by Andy McDonald.
9:29 of 3rd period - Shot Misses the Net.
9:31 of 3rd period - Shot by Andy McDonald.
9:31 of 3rd period - Shot Blocked by Robyn Regehr.
10:01 of 3rd period - Icing by Henrik Sedin.
10:02 of 3rd period - Henrik Sedin wins face-off versus Ryan Kesler in Jets zone.
10:20 of 3rd period - Shot by Henrik Sedin.
10:20 of 3rd period - Stopped by Tim Thomas with a rebound.
10:22 of 3rd period - Shot by Alex Goligoski.
10:22 of 3rd period - Stopped by Tim Thomas without a rebound.
10:23 of 3rd period - Ryan Kesler wins face-off versus Andy McDonald in Flames zone.
11:19 of 3rd period - Shot by Pierre-Marc Bouchard.
11:19 of 3rd period - Shot Misses the Net.
11:21 of 3rd period - Shot by Andrew MacDonald.
11:21 of 3rd period - Shot Misses the Net.
11:25 of 3rd period - Shot by Shawn Horcoff.
11:25 of 3rd period - Shot Blocked by Dainius Zubrus.
11:27 of 3rd period - Shot by John-Michael Liles.
11:27 of 3rd period - Stopped by Ilya Bryzgalov with a rebound.
11:40 of 3rd period - Icing by Victor Hedman.
11:41 of 3rd period - Ryan Kesler wins face-off versus Martin Hanzal in Jets zone.
12:02 of 3rd period - Shot by Dan Boyle.
12:02 of 3rd period - Shot Blocked by Martin Hanzal.
12:42 of 3rd period - Shot by Cam Fowler.
12:42 of 3rd period - Deflect By Martin Erat.
12:42 of 3rd period - Stopped by Tim Thomas without a rebound.
12:43 of 3rd period - Anze Kopitar wins face-off versus Tyler Ennis in Flames zone.
12:43 of 3rd period - Anze Kopitar is hit by Andy McDonald.
13:01 of 3rd period - Shot by Martin Erat.
13:01 of 3rd period - Deflect By Tyler Ennis.
13:01 of 3rd period - Stopped by Tim Thomas without a rebound.
13:02 of 3rd period - Erik Cole wins face-off versus Shawn Horcoff in Flames zone.
14:21 of 3rd period - Anze Kopitar is hit by Jaroslav Spacek and loses puck.
14:24 of 3rd period - Shot by Anze Kopitar.
14:24 of 3rd period - Shot Misses the Net.
14:26 of 3rd period - Shot by Anze Kopitar.
14:26 of 3rd period - Stopped by Ilya Bryzgalov without a rebound.
14:27 of 3rd period - Ryan Kesler wins face-off versus Henrik Sedin in Jets zone.
15:23 of 3rd period - Minor Penalty to Niklas Kronwall for Roughing.
15:24 of 3rd period - Anze Kopitar wins face-off versus Henrik Sedin in Flames zone.
17:19 of 3rd period - Icing by Clarke MacArthur.
17:20 of 3rd period - Anze Kopitar wins face-off versus Martin Hanzal in Jets zone.
17:33 of 3rd period - Andy McDonald is hit by Pierre-Marc Bouchard and loses puck.
17:42 of 3rd period - Shot by John-Michael Liles.
17:42 of 3rd period - Shot Misses the Net.
17:51 of 3rd period - Icing by Andrew MacDonald.
17:52 of 3rd period - Erik Cole wins face-off versus Shawn Horcoff in Flames zone.
18:43 of 3rd period - Shot by Andy McDonald.
18:43 of 3rd period - Stopped by Tim Thomas without a rebound.
18:44 of 3rd period - Ryan Kesler wins face-off versus Martin Hanzal in Flames zone.
19:36 of 3rd period - Shot by Pierre-Marc Bouchard.
19:36 of 3rd period - Deflect By Shawn Horcoff.
19:36 of 3rd period - Stopped by Ilya Bryzgalov without a rebound.
19:37 of 3rd period - Devin Setoguchi wins face-off versus Henrik Sedin in Jets zone.

Overtime #1

0:01 of 1st overtime period - Anze Kopitar wins face-off versus Henrik Sedin in neutral zone.
0:06 of 1st overtime period - Shot by Anze Kopitar.
0:06 of 1st overtime period - Shot Misses the Net.
0:10 of 1st overtime period - Shot by Dan Boyle.
0:10 of 1st overtime period - Shot Blocked by Alex Goligoski.
0:58 of 1st overtime period - Icing by Ryan Kesler.
0:59 of 1st overtime period - Andy McDonald wins face-off versus Ryan Kesler in Flames zone.
1:18 of 1st overtime period - Andy McDonald is hit by Andrew MacDonald.
1:24 of 1st overtime period - Shot by Nick Schultz.
1:24 of 1st overtime period - Shot Blocked by Brenden Morrow.
2:27 of 1st overtime period - Andrew MacDonald is hit by Daniel Sedin and loses puck.
2:40 of 1st overtime period - Shot by Brenden Morrow.
2:40 of 1st overtime period - Deflect By Ryan Kesler.
2:40 of 1st overtime period - Shot Misses the Net.
2:42 of 1st overtime period - Shot by Ryan Kesler.
2:42 of 1st overtime period - Stopped by Ilya Bryzgalov without a rebound.
2:43 of 1st overtime period - Anze Kopitar wins face-off versus Andy McDonald in Jets zone.
2:52 of 1st overtime period - Icing by Blake Comeau.
2:53 of 1st overtime period - Andy McDonald wins face-off versus Anze Kopitar in Jets zone.
3:00 of 1st overtime period - Shot by Anze Kopitar.
3:00 of 1st overtime period - Shot Misses the Net.
3:09 of 1st overtime period - Icing by Andy McDonald.
3:10 of 1st overtime period - Andy McDonald wins face-off versus Brenden Morrow in Jets zone.
3:26 of 1st overtime period - Brenden Morrow is hit by Blake Comeau and loses puck.
3:43 of 1st overtime period - Shot by Blake Comeau.
3:43 of 1st overtime period - Shot Misses the Net.
3:47 of 1st overtime period - Shot by Erik Cole.
3:47 of 1st overtime period - Stopped by Tim Thomas without a rebound.
3:48 of 1st overtime period - Anze Kopitar wins face-off versus Henrik Sedin in Flames zone.
4:07 of 1st overtime period - Shot by Anze Kopitar.
4:07 of 1st overtime period - Deflect By Michael Grabner.
4:07 of 1st overtime period - Shot Misses the Net.
4:11 of 1st overtime period - Shot by Dan Boyle.
4:11 of 1st overtime period - Shot Blocked by Daniel Sedin.
4:40 of 1st overtime period - Icing by Robyn Regehr.
4:41 of 1st overtime period - Devin Setoguchi wins face-off versus Andy McDonald in Flames zone.

ShootOut

ShootOut - Penalty Shot by Ryan Kesler for Flames.
ShootOut - Stopped by Ilya Bryzgalov.
ShootOut - Penalty Shot by Henrik Sedin for Jets.
ShootOut - Shot Misses the Net.
ShootOut - Penalty Shot by Anze Kopitar for Flames.
ShootOut - Stopped by Ilya Bryzgalov.
ShootOut - Penalty Shot by Andy McDonald for Jets.
ShootOut - Goal by Andy McDonald.
ShootOut - Penalty Shot by Michael Grabner for Flames.
ShootOut - Stopped by Ilya Bryzgalov.


Output by the SimonT Hockey Simulator (STHS) for Stephane Roy -- Original Page W3C XHTML 1.0 Valid